AoeStats
← Bigcityboydn_™

Arabia

509313688Analyzed
1v1 RM · 7d ago on Sep 26, 2026· 39m 4s· 2 players
Game mode
Random Map
Map size
Tiny (2 player)
Population
200
Speed
Normal
Resources
Standard
Victory
Conquest
Starting age
Dark Age
Ending age
Imperial Age
RankedLock teamsTeams togetherTeam positionsShared explorationLock speedFull tech treeHidden civsTurbo modeCheats
Victory
Defeat
🇦🇷 Turks · Argentina
1626
+14
🇦🇷 Lithuanians · Argentina
1590
-14
Lucu
6:22 Loom
8:37 Feudal Age
11:26 Double-Bit Axe
11:35 Horse Collar
21:05 Castle Age
19:27 Gold Mining
21:27 Elite Skirmisher
22:20 Crossbowman
24:51 Fletching
25:33 Bodkin Arrow
26:01 Ballistics
Bigcityboydn_™
6:05 Loom
8:28 Feudal Age
9:00 Double-Bit Axe
19:26 Castle Age
18:09 Fletching
19:15 Bloodlines
20:09 Bodkin Arrow
21:07 Bow Saw
21:20 Husbandry
21:52 Gold Mining
22:43 Town Watch
24:10 Padded Archer Armor
24:49 Ballistics
26:54 Scale Barding Armor
31:00 Forging
34:19 Wheelbarrow
38:14 Chain Barding Armor
37:55 Horse Collar
Connection lost

Rejoining the realm…

Still unreachable

The connection could not be restored.

Session expired

The server has moved on; the page needs a fresh start.